 Dungeon Crawl Stone Soup version 0.16-a0-331-g39fd2ee (webtiles) character file.

172 PolkaDot the Caller (level 5, 0/35 HPs)
             Began as a Vampire Summoner on Sept 7, 2014.
             Slain by an orc (4 damage)
             ... on Level 4 of the Dungeon.
             The game lasted 00:11:27 (3822 turns).

PolkaDot the Caller (Vampire Summoner)              Turns: 3822, Time: 00:11:27

HP   0/35        AC  2     Str  7      XL: 5   Next: 27%
MP   7/9         EV 12     Int 18      God:
Gold 137         SH  0     Dex 14      Spells:  3 memorised,  2 levels left

rFire  . . .     SeeInvis +     t - +0 glaive
rCold  . . .     Clarity  .     h - +0 robe
rNeg   . . .     rCorr    .     (no shield)
rPois  +         rRot     .     (no helmet)
rElec  .         Spirit   .     (no cloak)
SustAb .         Warding  .     (no gloves)
rMut   .         Stasis   .     (no boots)
Gourm  .                        (no amulet)
MR     .....                    (no ring)
                                q - ring of poison resistance

@: regenerating quickly, not resistant to hostile enchantments, unstealthy
A: fangs 3, see invisible, unbreathing
a: no special abilities


You were on level 4 of the Dungeon.
You were very full.

You visited 1 branch of the dungeon, and saw 4 of its levels.

You collected 137 gold pieces.

Inventory:

Hand weapons
 a - a +0 short sword
 t - a +0 glaive (weapon)
Missiles
 i - 213 stones (quivered)
 j - 76 sling bullets
Armour
 h - a +0 robe (worn)
Scrolls
 c - 5 scrolls of identify {unknown}
 o - 2 scrolls of magic mapping {unknown}
 r - a scroll of immolation {unknown}
 s - a scroll of teleportation {unknown}
Jewellery
 q - a ring of poison resistance (left hand)
Potions
 e - a potion of degeneration {unknown}
 f - a potion of lignification {unknown}
 g - a potion of mutation {unknown}
 k - a potion of cancellation {unknown}
 m - a potion of haste {unknown}
 n - a potion of cure mutation {unknown}
 p - a potion of restore abilities {unknown}
Books
 d - a book of Callings

   Spells                             Type                      Level
   *Summon Small Mammal               Summoning                    1
   *Call Imp                          Summoning                    2
   *Call Canine Familiar              Summoning                    3
   Summon Guardian Golem              Hexes/Summoning              4
   Summon Lightning Spire             Summoning/Air                4
   Summon Ice Beast                   Ice/Summoning                4
 l - a book of Spatial Translocations

   Spells                             Type                      Level
   Apportation                        Translocation                1
   Blink                              Translocation                2
   Shroud of Golubria                 Charms/Translocation         2
   Portal Projectile                  Translocation                3
   Teleport Other                     Translocation                3
   Passage of Golubria                Translocation                4


   Skills:
 - Level 2.1 Dodging
 - Level 3.0 Stealth
 - Level 2.0 Spellcasting
 * Level 6.6 Summonings


You had 2 spell levels left.
You knew the following spells:

 Your Spells              Type           Power        Failure   Level  Hunger
a - Summon Small Mammal   Summ           ####         1%          1    #......
d - Call Canine Familiar  Summ           ####....     3%          3    ####...
s - Call Imp              Summ           ####....     1%          2    ##.....


Dungeon Overview and Level Annotations

Branches:
Dungeon (4/15)             Temple (0/1) D:4

Altars:
Fedhas
Kikubaaqudgha
Nemelex Xobeh


Innate Abilities, Weirdness & Mutations

Your natural rate of healing is unusually fast.
You have razor-sharp teeth.
You have supernaturally acute eyesight.
You can survive without breathing.


Message History

You are too injured to fight recklessly!
You are too injured to fight recklessly!
You are too injured to fight recklessly!
Your hound bites the orc but does no damage.
The orc barely misses your hound. The orc hits your hound with a flail.
Your hound barely misses the orc.
You hit the orc.
The orc is almost dead.
Your hound bites the orc.
The orc hits you.
* * * LOW HITPOINT WARNING * * *
The orc hits you with a flail.
* * * LOW HITPOINT WARNING * * *
The orc misses your hound.
Your hound closely misses the orc.
The orc barely misses you. Something hits your hound.
The orc hits you with a flail.
* * * LOW HITPOINT WARNING * * *
Your hound bites the orc.
The orc dies!
The orc hits you.
You die...

#.......# ###.....##
####.....)..# ####
####.).........#
...%#####....###.......%
..>...#....######......##
#..%...<..######..#...###
...r................#.###
####.###@######..#.....##
.. #.o##....##)##### #
##o...##....#
#.....h).....####
#.|........###
.....⌠.>.⌠..#
.[...!........
#.#...⌠...... .....######


You could see 2 orcs, a rat and a friendly hound.

Vanquished Creatures
  Jessica (D:2)
  An adder (D:3)
  2 worms (D:2)
  4 giant geckos
  4 orcs (D:3)
  7 giant cockroaches
  11 hobgoblins
  A jackal (D:3)
  9 kobolds
  7 bats
  5 giant newts
  8 goblins
  10 rats
70 creatures vanquished.

Vanquished Creatures (collateral kills)
  An orc wizard (D:4)
  Terence (D:2)
  A gnoll (D:1)
  3 adders
  A worm (D:2)
  2 orcs (D:4)
  A hobgoblin (D:1)
  A bat (D:2)
  3 kobolds
  2 rats
16 creatures vanquished.

Vanquished Creatures (others)
  A hound (D:2)
1 creature vanquished.

Grand Total: 87 creatures vanquished

Notes
Turn   | Place    | Note
--------------------------------------------------------------
     0 | D:1      | PolkaDot, the Vampire Summoner, began the quest for the Orb.
     0 | D:1      | Reached XP level 1. HP: 13/13 MP: 3/3
   315 | D:1      | Reached XP level 2. HP: 14/19 MP: 4/4
   566 | D:1      | Learned a level 2 spell: Call Imp
   698 | D:1      | Reached skill level 5 in Summonings
   704 | D:1      | Reached XP level 3. HP: 20/24 MP: 6/6
  1099 | D:1      | Learned a level 3 spell: Call Canine Familiar
  1160 | D:2      | Noticed Jessica
  1172 | D:2      | Killed Jessica
  1353 | D:2      | Noticed Terence
  1386 | D:2      | Killed Terence
  1828 | D:2      | Reached XP level 4. HP: 28/30 MP: 7/7
  2550 | D:2      | Reached skill level 6 in Summonings
  2787 | D:3      | Found an ancient bone altar of Kikubaaqudgha.
  3384 | D:3      | Found a sparkling altar of Nemelex Xobeh.
  3384 | D:3      | Found a blossoming altar of Fedhas.
  3486 | D:3      | Reached XP level 5. HP: 19/35 MP: 9/9
  3810 | D:4      | Found a staircase to the Ecumenical Temple.
  3822 | D:4      | Slain by an orc

Action                   |  1- 3 |  4- 6 || total
-------------------------+-------+-------++-------
Melee: Short sword       |   145 |    24 ||   169
       Unarmed           |     5 |       ||     5
       Glaive            |       |     4 ||     4
 Fire: Hunting sling     |    13 |   123 ||   136
 Cast: Summon Small Mamm |     3 |       ||     3
       Call Imp          |     3 |     3 ||     6
       Call Canine Famil |     3 |     4 ||     7
  Use: Potion            |     1 |     1 ||     2
 Stab: Sleeping          |     1 |       ||     1
  Eat: Corpse            |    12 |    12 ||    24
